 Dungeon Crawl Stone Soup version 0.31-a0-1469-gd420192249 (webtiles) character file.

Game seed: 17942722156587629357

2410 IdlyInterested the Mimic (level 9, -1/64 HPs)
             Began as a Demonspawn Shapeshifter on Dec 28, 2023.
             Slain by a gnoll
             ... wielding a +0 halberd
              (3 damage)
             ... on level 6 of the Dungeon.
             The game lasted 00:14:52 (4734 turns).

IdlyInterested the Mimic (Demonspawn Shapeshifter)  Turns: 4734, Time: 00:14:52

Health: -1/64      AC: 10    Str: 16    XL:     9   Next: 23%
Magic:  0/9        EV: 11    Int: 11    God:
Gold:   305        SH:  0    Dex: 15    Spells: 8/8 levels left

rFire   . .          .
                       - Unarmed
rCold   . . .        (no shield)
rNeg    + . .        j - +2 scale mail {rPois}
rPois   +            (helmet currently unavailable)
rElec   .            (cloak currently unavailable)
rCorr   .            (gloves currently unavailable)
SInv    .            (boots currently unavailable)
Will    .....        D - amulet of guardian spirit Stlth
                     K - ring of positive energy
HPRegen 0.30/turn    (no ring)
MPRegen 0.11/turn

%: guardian spirit
@: beast-form
A: beast (slay +4), thin metallic scales 1, ignite blood 2, spiny 2, weakness
stinger 1
a: Begin Untransformation


You were on level 6 of the Dungeon.
You were a hulking beast.
You visited 2 branches of the dungeon, and saw 7 of its levels.

You collected 305 gold pieces.

Inventory:

Hand Weapons
 b - a +3 flail of protection
 i - a +0 dagger
 l - a +0 trident
 m - a +0 short sword
 r - the +12 whip of Tumult {distort, rPois Str+4}
   (You found it on level 3 of the Dungeon)

   Str+4:     It affects your strength (+4).
   rPois:     It protects you from poison
 u - a +0 hand axe
 v - a +2 short sword of flaming
 A - a +0 flail
 I - a +2 dagger of venom
 J - a +0 whip of flaming
 M - a +0 long sword
 N - a +0 dagger of venom
Missiles
 e - 18 poisoned darts
 h - 25 stones (quivered)
 L - a boomerang
Armour
 j - a +2 scale mail of poison resistance (worn)
 q - a +0 chain mail
 E - the +0 scale mail "Bemuwn" {+Blink rF+ Str+4}
   (You found it on level 4 of the Dungeon)

   Str+4:     It affects your strength (+4).
   rF+:       It protects you from fire.
   +Blink:    It lets you blink.
 O - the +4 scale mail of Jock {-Tele rN+ Int+5 Stlth+}
   (You found it on level 5 of the Dungeon)

   Int+5:     It affects your intelligence (+5).
   rN+:       It protects you from negative energy.
   -Tele:     It prevents most forms of teleportation.
   Stlth+:    It makes you more stealthy.
 Q - a +0 cloak
Jewellery
 s - an amulet of magic regeneration
 D - an amulet of guardian spirit (around neck)
 K - a ring of positive energy (left hand)
 R - a +6 ring of intelligence
Talismans
 c - a beast talisman
 d - a flux talisman
Wands
 g - a wand of paralysis (7)
 H - a wand of mindburst (14)
Scrolls
 a - a scroll of amnesia
 k - a scroll of vulnerability
 n - 2 scrolls of teleportation
 x - a scroll of poison
 y - a scroll of fear {unknown}
 z - a scroll of torment {unknown}
 B - 2 scrolls of enchant weapon {unknown}
 F - a scroll of enchant armour {unknown}
 P - 2 scrolls of fog {unknown}
Potions
 f - a potion of curing {unknown}
 o - 2 potions of ambrosia {unknown}
 p - a potion of enlightenment
 t - a potion of lignification
 w - a potion of magic {unknown}
 C - a potion of might {unknown}
 G - a potion of berserk rage {unknown}


   Skills:
 + Level 3.5 Fighting
 - Level 4.0 Dodging
 - Level 4.0 Unarmed Combat
 * Level 9.5 Shapeshifting


You had 8 spell levels left.
You didn't know any spells.
Your spell library contained the following spells:

 Spells                   Type           Power      Damage    Failure   Level
 Ozocubu's Armour         Ice            0%         N/A       99%         3
 Stone Arrow              Conj/Erth      0%         3d7       99%         3
 Animate Armour           Summ/Erth      0%         N/A       100%        4
 Metabolic Englaciation   Hex/Ice        0%         N/A       100%        5
 Sculpt Simulacrum        Ice/Alch       0%         N/A       100%        6
 Lehudib's Crystal Spear  Conj/Erth      0%         10d2      100%        8


Dungeon Overview and Level Annotations

Branches:
Dungeon (6/15)             Temple (1/1) D:5

Altars:
Ashenzari
Cheibriados
Dithmenos
Fedhas
Gozag
Hepliaklqana
Kikubaaqudgha
Makhleb
Nemelex Xobeh
Okawaru
Qazlal
Ru
Sif Muna
Vehumet
Wu Jian
Xom
Yredelemnul

Annotations:
D:6 1 runed translucent door


Innate Abilities, Weirdness & Mutations

You are a hulking beast.
Your limbs bulge with bestial killing power. (Slay +4)
You are partially covered in thin metallic scales. (AC +2)
Your demonic aura often causes spilled blood to erupt in flames.
You are mostly covered in sharp spines.
You have a small tail.


Message History

The gnoll suddenly stops moving!
A gnoll comes into view. It is wielding a +0 halberd.
The sentinel's mark upon you fades away.
The ice beast is struck by your spines. The ice beast misses you.
Things that are here:
12 gold pieces; a +0 orcbow; a water moccasin corpse The helpless gnoll fails to defend itself.
You punch the gnoll!
You tail-slap the gnoll, but do no damage.
The gnoll is almost dead.
The helpless gnoll fails to defend itself.
You hit the gnoll.
You kill the gnoll!
The ice beast is struck by your spines. The ice beast barely misses you.
You hit the ice beast.
The ice beast is almost dead.
The ice beast is struck by your spines. The ice beast hits you.
The ice beast freezes you.
* * * LOW HITPOINT WARNING * * *
You barely miss the ice beast.
The ice beast is almost dead.
The ice beast hits you.
* * * LOW HITPOINT WARNING * * *
The ice beast freezes you.
* * * LOW HITPOINT WARNING * * *
Unknown command.
You hit the ice beast but do no damage.
The ice beast is almost dead.
The ice beast is struck by your spines.
You kill the ice beast!
You start resting.
A gnoll is nearby!
You hit the gnoll.
The gnoll is moderately wounded.
The gnoll is struck by your spines. The gnoll hits you with a +0 whip.
* * * LOW HITPOINT WARNING * * *
You punch the gnoll!
You kill the gnoll!
The gnoll hits you from afar with a +0 halberd.
You die...

#.##.###........
#.##.# #..######
#..).# #........
#.#### #.#######
#.# #.#
..#############.#
#.#
#.#~~~~~~~~~#.#.#
#.#
$.+~~~~.~~†††.☼g#
#.
#.#~~~~~~~~~#h#)#
#.
###############g##
##.g.## #.))).#
............#
................
.....>......####
.......<...##
#######...##


You could see a gnoll.

Vanquished Creatures
  Pikel (D:5)
  The ghost of Sonofthefire the Changeling, a novice OpSh of Okawaru (D:6)
  Grinder (D:5)
  Edmund (D:5)
  A water moccasin (D:6)
  An ice beast (D:6)
  An ogre (D:5)
  A centaur (D:6)
  A lemure (D:5)
  2 bullfrogs (D:6)
  A scorpion (D:5)
  2 bombardier beetles
  A jelly (D:6)
  4 hounds
  4 orc priests
  A sleepcap (D:3)
  An iguana (D:6)
  4 orc wizards
  6 gnolls
  5 adders
  A river rat (D:6)
  2 ufetubi (D:6)
  2 worms (D:2)
  4 dart slugs
  24 orcs
  5 ball pythons
  7 endoplasms
  A giant cockroach (D:1)
  7 goblins
  8 hobgoblins
  3 jackals (D:1)
  3 quokkas
  8 bats
  3 frilled lizards
  2 kobolds
  6 rats
126 creatures vanquished.

Notes
Turn   | Place    | Note
-------+----------+-------------------------------------------
     0 | D:1      | IdlyInterested the Demonspawn Shapeshifter began the quest
                  | for the Orb.
     0 | D:1      | Reached XP level 1. HP: 15/15 MP: 1/1
   189 | D:1      | Reached skill level 3 in Shapeshifting
   294 | D:1      | Gained mutation: Your demonic aura sometimes causes spilled
                  | blood to erupt in flames. [demonic ancestry]
   294 | D:1      | Reached XP level 2. HP: 11/21 MP: 2/2
   957 | D:2      | Gained mutation: You are partially covered in sharp spines.
                  | [demonic ancestry]
   957 | D:2      | Reached XP level 3. HP: 26/26 MP: 3/3
  1142 | D:2      | Found a faded altar of an unknown god.
  1532 | D:3      | Reached XP level 4. HP: 9/33 MP: 4/4
  1537 | D:3      | Reached skill level 4 in Shapeshifting
  1786 | D:3      | Identified the +12 whip of Tumult {distort, rPois Str+4}
  2058 | D:3      | Gained mutation: You are partially covered in thin metallic
                  | scales. (AC +2) [demonic ancestry]
  2058 | D:3      | Reached XP level 5. HP: 28/39 MP: 5/5
  2127 | D:3      | Found an ornate altar of the Wu Jian Council.
  2457 | D:4      | Reached skill level 5 in Shapeshifting
  2457 | D:4      | Gained mutation: Your demonic aura often causes spilled
                  | blood to erupt in flames. [demonic ancestry]
  2457 | D:4      | Reached XP level 6. HP: 13/47 MP: 6/6
  2761 | D:4      | Identified the +0 scale mail "Bemuwn" {+Blink rF+ Str+4}
  2874 | D:5      | Entered Level 5 of the Dungeon
  2874 | D:5      | Found a snail-covered altar of Cheibriados.
  2896 | D:5      | Noticed Edmund
  2927 | D:5      | Killed Edmund
  3087 | D:5      | Noticed Pikel
  3110 | D:5      | Killed Pikel
  3111 | D:5      | Reached skill level 7 in Shapeshifting
  3111 | D:5      | Gained mutation: You are mostly covered in sharp spines.
                  | [demonic ancestry]
  3111 | D:5      | Reached XP level 7. HP: 13/52 MP: 2/7
  3400 | D:5      | Found a staircase to the Ecumenical Temple.
  3432 | Temple   | Entered the Ecumenical Temple
  3479 | D:5      | Reached XP level 8. HP: 58/58 MP: 8/8
  3481 | D:5      | Noticed Grinder
  3491 | D:5      | Paralysed by Grinder for 4 turns
  3503 | D:5      | Killed Grinder
  3753 | D:5      | Reached skill level 8 in Shapeshifting
  3913 | D:5      | Identified the +4 scale mail of Jock {-Tele rN+ Int+5
                  | Stlth+}
  3915 | D:5      | Found a sacrificial altar of Ru.
  3916 | D:5      | Found a shadowy altar of Dithmenos.
  3921 | D:5      | Found an ancient bone altar of Kikubaaqudgha.
  3923 | D:5      | Found a radiant altar of Vehumet.
  4565 | D:6      | Found a runed translucent door.
  4566 | D:6      | Noticed Sonofthefire's ghost (novice OpSh)
  4692 | D:6      | Killed Sonofthefire's ghost
  4693 | D:6      | Reached skill level 9 in Shapeshifting
  4693 | D:6      | Gained mutation: You have a small tail. [demonic ancestry]
  4693 | D:6      | Reached XP level 9. HP: 47/63 MP: 7/9
  4695 | D:6      | Found a runed translucent door.
  4728 | D:6      | HP: 2/64 [ice beast (4)]
  4733 | D:6      | HP: 2/64 [gnoll/+0 whip (1)]
  4734 | D:6      | Slain by a gnoll

Illustrated notes

Levels and vault maps discovered:
D:1:      minmay_arrival_stair_chambers, layout_rooms, serial_aquarium,
          aquarium_bridge_square [aquarium_subvault_bridge,
          aquarium_subvault_wall, aquarium_subvault_window,
          aquarium_subvault_window], aquarium_window_2, aquarium_window_1,
          aquarium_window_corridor_2, aquarium_view_2a, aquarium_view_2d,
          aquarium_pool_2, roderic_lattice_a, st_stairs_4
D:2:      layout_basic, ebering_ecumenical_altar_hall
D:3:      minmay_chambers_of_twos, layout_basic,
          mainiacjoe_overflow_tiny_flanked
D:4:      layout_rooms, corner_web_ring
D:5:      layout_basic, lemuel_doored_altar, cheibriados_altar_1,
          nicolae_overflow_macrodata_refinement,
          minmay_temple_entry_drinking_statues, uniq_edmund, uniq_grinder,
          uniq_pikel
D:6:      layout_loops_ring, ebering_ghost_sewer_f
Temple:   hellmonk_temple_forest_ring

Skill      XL: |  1  2  3  4  5  6  7  8 |
---------------+-------------------------+-----
Dodging        | 2 3 4 |  4.0
Shapeshifting  | 3 4 5 7 9 |  9.5
Unarmed Combat | 3 4 |  4.0
Fighting       | 2 3 |  3.5

Action                     |  1- 3 |  4- 6 |  7- 9 || total
---------------------------+-------+-------+-------++-------
  Melee: Unarmed           |   106 |   127 |   119 ||   352
         Punch             |     4 |     2 |     3 ||     9
         Tailslap          |       |       |     2 ||     2
  Throw: Stone             |       |     3 |     2 ||     5
  Evoke: Wand              |       |       |     1 ||     1
    Use: Scroll            |     2 |       |     2 ||     4
         Potion            |       |     2 |       ||     2
   Stab: Paralysed         |       |       |     2 ||     2
 Armour: Animal skin       |     9 |       |       ||     9
         Leather armour    |    15 |       |       ||    15
         Skin              |     3 |     5 |       ||     8
         Scale mail        |    37 |   105 |    77 ||   219
  Dodge: Dodged            |    48 |    46 |    45 ||   139

Table legend: (Time is in decaauts)
 A = Elapsed time spent in this place.
 B = Non-inter-level travel time spent in this place.
 C = Inter-level travel time spent in this place.
 D = Time resting spent in this place.
 E = Time spent auto-exploring this place.
 F = Levels seen in this place.
 G = Mean time per level.
                   A        B        C        D        E       F      G
               +--------+--------+--------+--------+--------+-----+--------+
         Total |   4717 |   4466 |    251 |    945 |   2349 |   7 |  673.9 |
       Dungeon |   4702 |   4451 |    251 |    945 |   2336 |   6 |  783.7 |
        Temple |     14 |     14 |      0 |      0 |     13 |   1 |   14.0 |
               +--------+--------+--------+--------+--------+-----+--------+

Top non-repeatable levels by time:
     D:5: 1192 daAuts
     D:1: 983 daAuts
     D:3: 764 daAuts
     D:6: 635 daAuts
     D:4: 595 daAuts
     D:2: 531 daAuts
  Temple: 14 daAuts
